 Dungeon Crawl Stone Soup version 0.19.1-1-g22dce08 (webtiles) character file.

7139 RedPan the Frost Mage (level 10, -9/59 HPs)
             Began as a Deep Elf Ice Elementalist on Dec 30, 2016.
             Was an Elder of Vehumet.
             Killed from afar by Harold (30 damage)
             ... with a bolt of fire
             ... on level 1 of the Lair of Beasts.
             The game lasted 00:50:16 (15044 turns).

RedPan the Frost Mage (Deep Elf Ice Elementalist)  Turns: 15044, Time: 00:50:19

Health: -9/59      AC: 16    Str:  5    XL:     10   Next: 85%
Magic:  5/22       EV: 10    Int: 30    God:    Vehumet [****..]
Gold:   31         SH:  0    Dex: 17    Spells: 4 memorised, 11 levels left

rFire  . . .     SeeInvis .     n - +2 flail of Defilement {crush, *Rage rPois Dex+2 Stlth+}
rCold  . . .     Gourm    +     x - +0 steam dragon scales
rNeg   + . .     Faith    .     (no shield)
rPois  +         Spirit   .     l - +0 helmet
rElec  .         Reflect  .     p - +0 cloak
rCorr  .         Harm     .     (no gloves)
MR     +....     Rnd*Rage +     (no boots)
Stlth  +++.......               J - amulet of the gourmand
                                t - +6 ring of intelligence
                                j - ring of positive energy

@: icy armour, held, slow
A: no striking features
a: Renounce Religion


You were on level 1 of the Lair of Beasts.
You worshipped Vehumet.
Vehumet was greatly pleased with you.
You were very full.

You visited 3 branches of the dungeon, and saw 12 of its levels.
You also visited: Bailey.

You collected 526 gold pieces.
You spent 495 gold pieces at shops.

Inventory:

Hand Weapons
 f - a +1 short sword of freezing
 n - the +2 flail of Defilement (weapon) {crush, *Rage rPois Dex+2 Stlth+}
   (You bought it in a shop on level 4 of the Dungeon)

   It inflicts extra damage upon your enemies.
   It affects your dexterity (+2).
   It protects you from poison.
   It may make you go berserk in combat.
   It makes you more stealthy.
 E - the +12 dagger of Xemanet {freeze, rElec Str-5 Dex+2}
   (You found it on level 8 of the Dungeon)

   It has been specially enchanted to freeze those struck by it, causing extra
   injury to most foes and up to half again as much damage against particularly
   susceptible opponents.
   It can also slow down cold-blooded creatures.
   It affects your strength (-5).
   It affects your dexterity (+2).
   It insulates you from electricity.
Armour
 a - a +1 robe
 l - a +0 helmet (worn)
 p - a +0 cloak (worn)
 x - +0 steam dragon scales (worn)
 y - a +0 buckler
Jewellery
 j - a ring of positive energy (left hand)
 t - a +6 ring of intelligence (right hand)
 A - an uncursed ring of flight
 I - an uncursed ring of wizardry
 J - an amulet of the gourmand (around neck)
Wands
 m - a wand of polymorph (13/24)
 v - a wand of iceblast (9/15)
 B - a wand of lightning (5/15)
 C - a wand of disintegration (18/24)
 H - a wand of random effects (37/48)
 O - a wand of random effects (27/48)
Scrolls
 d - 5 scrolls of remove curse
 q - 9 scrolls of identify
 s - a scroll of enchant weapon
 z - a scroll of amnesia
 D - a scroll of fear
 G - a scroll of teleportation
 M - a scroll of immolation {unknown}
Potions
 e - a potion of invisibility
 g - a potion of lignification
 i - 6 potions of curing
 o - a potion of heal wounds
 r - a potion of cancellation
 w - a potion of cure mutation
 L - a potion of berserk rage
 P - a potion of agility {unknown}
Books
 b - a book of Frost

   Spells                             Type                      Level
   a - Freeze                         Ice                          1
   b - Throw Frost                    Conjuration/Ice              2
   c - Ozocubu's Armour               Charms/Ice                   3
   d - Throw Icicle                   Conjuration/Ice              4
   e - Summon Ice Beast               Ice/Summoning                4
 h - a book of Maledictions

   Spells                             Type                      Level
   a - Corona                         Hexes                        1
   b - Ensorcelled Hibernation        Hexes/Ice                    2
   c - Confuse                        Hexes                        3
   d - Tukima's Dance                 Hexes                        3
   e - Dazzling Spray                 Conjuration/Hexes            3
 F - a book of Cantrips

   Spells                             Type                      Level
   a - Confusing Touch                Hexes                        1
   b - Animate Skeleton               Necromancy                   1
   c - Summon Small Mammal            Summoning                    1
   d - Apportation                    Translocation                1
Comestibles
 c - 10 bread rations
 k - 4 meat rations
 u - 4 beef jerkies
 K - 7 slices of pizza
 N - 7 fruits


   Skills:
 + Level 5.0 Fighting
 - Level 10.0 Dodging
 - Level 2.4 Stealth
 - Level 7.2 Spellcasting
 - Level 5.0 Conjurations
 - Level 3.2 Charms
 - Level 5.0 Summonings
 + Level 11.3 Ice Magic


You had 11 spell levels left.
You knew the following spells:

 Your Spells              Type           Power        Failure   Level  Hunger
a - Freeze                Ice            ####         1%          1    None
b - Ozocubu's Armour      Chrm/Ice       ######..     1%          3    None
c - Summon Ice Beast      Ice/Summ       ######..     1%          4    ##.....
d - Throw Icicle          Conj/Ice       ######..     1%          4    ##.....


Dungeon Overview and Level Annotations

Branches:
Dungeon (10/15)            Temple (1/1) D:4            Lair (1/6) D:9
    Orc: D:9-12

Altars:
Ashenzari
Cheibriados
Dithmenos
Elyvilon
Fedhas
Gozag
Hepliaklqana
Kikubaaqudgha
Makhleb
Nemelex Xobeh
Okawaru
Qazlal
Ru
Sif Muna
Trog
Uskayaw
Vehumet
Xom
Yredelemnul
Zin
The Shining One

Shops:
D:4 (   D:10 *?((

Annotations:
D:8 exclusion: 3 slime creatures
D:9 1 runed door
Lair:1 Harold


Message History

Unknown command.
You struggle against the net.
Your ice beast hits the butterfly.
The butterfly dies!
What are your orders? t - Shout!
Orders for allies: a - Attack new target. r - Retreat! s - Stop attacking. g - Guard the area. f - Follow me.
Anything else - Cancel.
Gang up on whom?
Press: ? - help, Dir - move target cursor, f - Harold
Aim: Harold, wielding a long sword and wearing a ring mail Attack!
Harold points at you and mumbles some strange words.
The bolt of fire hits your ice beast.
Your ice beast melts!
Your ice beast dies!
The bolt of fire hits you!
Ouch! That really hurt!
You die...

##.... #P.. #. ###.#....
##... #..
##........###.... #...
##.....#..........
#..@###.....##...#......
......##.....#......P...
#Y........# ...#.....†
#......Y..### ##......
#....@.P....###....P..
#%.........>..........
...%....(...........P†..
.......%................
.......%......###.#.....
##P.......#P..# ###.....
##..#........# #.......
#....##.#.... #.##...#
.. #...... ##...#


You could see Harold and 2 friendly ice beasts.

Vanquished Creatures
  3 yaks
  A hog (D:9)
  A porcupine (Lair:1)
  A water moccasin (D:9)
  An orc warrior (D:8)
  An ice beast (D:10)
  An ogre (D:6)
  5 centaurs
  2 bullfrogs
  A scorpion (D:4)
  A howler monkey (D:7)
  A centaur zombie (D:8)
  2 crimson imps
  A jelly (D:9)
  An orc priest (D:3)
  2 hounds (D:10)
  4 orc wizards
  2 bullfrog skeletons
  2 centaur skeletons
  7 worker ants
  An iguana (D:7)
  A killer bee zombie (D:5)
  2 gnolls
  10 adders
  A howler monkey skeleton (D:4)
  A shadow imp (D:8)
  2 oozes (D:2)
  An adder skeleton (D:9)
  A worm (D:2)
  3 dart slugs
  2 leopard geckos
  7 orcs
  A ball python (D:4)
  2 giant cockroaches
  6 goblins
  6 hobgoblins
  5 jackals
  3 kobolds
  3 quokkas
  15 bats
  4 frilled lizards
  2 quokka skeletons
  9 rats
128 creatures vanquished.

Vanquished Creatures (collateral kills)
  A hill giant (D:10)
  2 spiny frogs (Lair:1)
  A gargoyle (D:10)
  A centaur skeleton (D:10)
  A hornet (D:10)
  A two-headed ogre (D:9)
  A hippogriff (D:8)
  21 yaks
  A hog (D:9)
  A human (D:9)
  A hungry ghost (D:8)
  A steam dragon (D:8)
  2 orc warriors
  3 water moccasins
  A sky beast (D:9)
  5 ogres
  6 centaurs
  An eye of draining (D:8)
  A big kobold (D:10)
  2 bullfrogs
  A water moccasin skeleton (D:8)
  A wyvern skeleton (D:6)
  4 scorpions
  An electric eel (D:10)
  8 howler monkeys
  4 crimson imps
  2 orc priests
  2 hounds
  2 bullfrog skeletons
  2 jellies
  2 iguanas
  4 orc wizards
  7 worker ants
  12 gnolls
  7 adders
  2 shadow imps
  An adder skeleton (D:8)
  A leopard gecko (D:4)
  12 orcs
  A ball python (D:7)
  4 jackals (D:8)
  3 quokkas
  2 kobolds (D:10)
  A butterfly (Lair:1)
140 creatures vanquished.

Grand Total: 268 creatures vanquished

Notes
Turn   | Place    | Note
-------+----------+-------------------------------------------
     0 | D:1      | RedPan the Deep Elf Ice Elementalist began the quest for the Orb.
     0 | D:1      | Reached XP level 1. HP: 10/10 MP: 6/6
   624 | D:1      | Reached XP level 2. HP: 14/15 MP: 5/8
   641 | D:1      | Reached skill level 4 in Ice Magic
  1091 | D:1      | Reached XP level 3. HP: 17/19 MP: 6/9
  1096 | D:1      | Learned a level 3 spell: Ozocubu's Armour
  1234 | D:2      | Reached skill level 5 in Ice Magic
  1344 | D:2      | Reached skill level 1 in Charms
  1406 | D:2      | Reached XP level 4. HP: 23/24 MP: 5/10
  1454 | D:2      | Learned a level 4 spell: Summon Ice Beast
  1798 | D:2      | Found a snail-covered altar of Cheibriados.
  1798 | D:2      | Found a glowing golden altar of the Shining One.
  2236 | D:3      | Reached skill level 1 in Summonings
  2236 | D:3      | Reached XP level 5. HP: 28/28 MP: 7/11
  3224 | D:4      | Reached skill level 6 in Ice Magic
  3587 | D:4      | Noticed an ogre
  3595 | D:4      | Killed an ogre
  3595 | D:4      | Reached XP level 6. HP: 24/32 MP: 3/12
  4188 | D:4      | Found Deotu's Antique Weapon Boutique.
  4196 | D:4      | Bought a crystal flail for 204 gold pieces
  4196 | D:4      | Identified the +2 flail of Defilement {crush, *Rage rPois Dex+2 Stlth+} (You bought it in a shop on level 4 of the Dungeon)
  4280 | D:4      | Found a staircase to the Ecumenical Temple.
  4298 | Temple   | Entered the Ecumenical Temple
  4568 | Temple   | Became a worshipper of Vehumet
  5194 | D:5      | Entered Level 5 of the Dungeon
  5499 | D:5      | Reached skill level 7 in Ice Magic
  5631 | D:5      | Reached XP level 7. HP: 26/36 MP: 9/13
  5637 | D:5      | Learned a level 4 spell: Throw Icicle
  6762 | D:6      | Found an opulent altar of Gozag.
  6866 | D:6      | Reached skill level 8 in Ice Magic
  7455 | D:6      | Reached * piety under Vehumet
  7455 | D:6      | Offered knowledge of Sandblast by Vehumet.
  7455 | D:6      | Reached XP level 8. HP: 41/41 MP: 6/14
  8025 | D:6      | Reached skill level 5 in Conjurations
  8590 | D:7      | Found a bloodstained altar of Trog.
  8615 | D:7      | Found a flagged portal.
  8626 | D:7      | Reached skill level 9 in Ice Magic
  8683 | Bailey   | Entered a bailey
  9353 | D:7      | Reached skill level 5 in Summonings
  9833 | D:7      | Reached skill level 1 in Fighting
  9927 | D:8      | Found a sand-covered staircase.
 10079 | D:8      | Noticed a slime creature
 10082 | D:8      | Noticed a slime creature
 10082 | D:8      | Noticed a slime creature
 10175 | D:8      | Offered knowledge of Throw Flame by Vehumet.
 10278 | D:8      | Reached ** piety under Vehumet
 10686 | D:8      | Reached skill level 5 in Dodging
 10692 | D:8      | Got a faintly glowing dagger
 10693 | D:8      | Lost strength.
 10693 | D:8      | Identified the +12 dagger of Xemanet {freeze, rElec Str-5 Dex+2} (You found it on level 8 of the Dungeon)
 10807 | D:8      | Reached XP level 9. HP: 42/49 MP: 2/15
 11687 | D:9      | Found a bloodstained altar of Trog.
 11736 | D:9      | Offered knowledge of Static Discharge by Vehumet.
 11855 | D:9      | Reached skill level 5 in Spellcasting
 12055 | D:9      | Found a runed door.
 12057 | D:9      | Noticed a sixfirhy
 12161 | D:9      | Found a staircase to the Lair.
 12194 | D:9      | Reached *** piety under Vehumet
 12679 | D:9      | Offered knowledge of Inner Flame by Vehumet.
 12775 | D:9      | Reached XP level 10. HP: 39/56 MP: 6/22
 13285 | D:10     | Entered Level 10 of the Dungeon
 13287 | D:10     | Noticed a hill giant
 13298 | D:10     | Killed a hill giant
 13341 | D:10     | Found Punlaluz's Antique Weapon Shoppe.
 13576 | D:10     | Noticed a gargoyle
 13699 | D:10     | Found a shadowy altar of Dithmenos.
 13743 | D:10     | Reached skill level 10 in Ice Magic
 13756 | D:10     | Found Vopton's Assorted Antiques.
 13767 | D:10     | Bought a scratched gilded ring for 145 gold pieces
 13767 | D:10     | Bought a scroll of identify for 58 gold pieces
 13767 | D:10     | Bought a scroll labeled TACLEE OTAE for 29 gold pieces
 13767 | D:10     | Bought a bubbling grey potion for 26 gold pieces
 13911 | D:10     | Reached skill level 10 in Dodging
 14018 | D:10     | Reached **** piety under Vehumet
 14339 | D:10     | Offered knowledge of Lightning Bolt by Vehumet.
 14379 | D:10     | Killed a gargoyle
 14380 | D:10     | Reached skill level 11 in Ice Magic
 14575 | D:10     | Found Moruyz's Magic Scroll Emporium.
 14585 | D:10     | Bought a scroll of teleportation for 33 gold pieces
 14633 | D:10     | Found Beves's Antique Weapon Boutique.
 14917 | Lair:1   | Entered Level 1 of the Lair of Beasts
 14917 | Lair:1   | Noticed a spiny frog
 14924 | Lair:1   | Killed a spiny frog
 14983 | Lair:1   | Noticed a spiny frog
 14993 | Lair:1   | Killed a spiny frog
 14993 | Lair:1   | Reached skill level 5 in Fighting
 15038 | Lair:1   | Noticed Harold
 15044 | Lair:1   | Killed from afar by Harold

Skill      XL: |  1  2  3  4  5  6  7  8  9 10 |
---------------+-------------------------------+-----
Ice Magic      | 4 5 6 7 8 9 11 | 11.3
Charms         | 2 3 |  3.2
Summonings     | 1 3 4 5 |  5.0
Conjurations   | 4 5 |  5.0
Dodging        | 5 9 10 | 10.0
Fighting       | 2 3 5 |  5.0
Spellcasting   | 7 |  7.2
Stealth        | |  2.4

Action                   |  1- 3 |  4- 6 |  7- 9 | 10-12 || total
-------------------------+-------+-------+-------+-------++-------
Melee: Short sword       |    16 |    38 |       |       ||    54
       Unarmed           |     2 |       |       |       ||     2
       Flail             |       |    17 |   119 |    54 ||   190
 Cast: Freeze            |    44 |    62 |    44 |       ||   150
       Summon Ice Beast  |       |     6 |    81 |    52 ||   139
       Throw Icicle      |       |       |    11 |     2 ||    13
       Ozocubu's Armour  |       |       |     4 |     9 ||    13
  Use: Scroll            |       |     9 |     8 |     5 ||    22
       Potion            |       |     1 |     4 |       ||     5
 Stab: Sleeping          |     5 |     6 |     3 |     1 ||    15
       Distracted        |       |     1 |     1 |     1 ||     3
  Eat: Chunk             |     1 |     8 |    36 |    12 ||    57
       Meat ration       |       |     1 |       |     1 ||     2
       Royal jelly       |       |     1 |       |       ||     1
       Fruit             |       |       |       |     2 ||     2
Armor: Robe              |     9 |    21 |    28 |       ||    58
       Steam dragon scal |       |       |    11 |    13 ||    24
Dodge: Dodged            |    45 |    64 |   164 |    63 ||   336
